 Dungeon Crawl Stone Soup version 0.18-a0-884-gb6cfd45 (webtiles) character file.

226 root the Shooter (level 5, -4/40 HPs)
             Began as a Centaur Arcane Marksman on Dec 22, 2015.
             Slain by a giant frog skeleton (7 damage)
             ... on level 5 of the Dungeon.
             The game lasted 00:27:24 (3904 turns).

root the Shooter (Centaur Arcane Marksman)          Turns: 3904, Time: 00:27:24

Health: -4/40      AC:  7    Str: 14    XL:     5   Next: 69%
Magic:  6/6        EV: 11    Int: 12    God:    Xom [..*...]
Gold:   107        SH:  0    Dex: 13    Spells: 1 memorised, 5 levels left

rFire  . . .     SeeInvis +     a - +0 shortbow
rCold  . . .     Gourm    .     b - +0 robe
rNeg   . . .     Faith    .     (shield currently unavailable)
rPois  .         Spirit   .     (no helmet)
rElec  .         Dismiss  .     r - +2 cloak
rCorr  .         Reflect  .     (no gloves)
SustAt .         Harm     .     (no barding)
MR     .....                    (no amulet)
Stlth  +.........               p - ring of see invisible
                                l - +4 ring of dexterity

@: drained, very quick, not resistant to hostile enchantments, very unstealthy
A: hooves 3, deformed body, speed 2, tough skin 3
a: Renounce Religion


You were on level 5 of the Dungeon.
You worshipped Xom.
You were a toy of Xom.
You were not hungry.

You visited 1 branch of the dungeon, and saw 5 of its levels.

You collected 107 gold pieces.

Inventory:

Hand Weapons
 a - a +0 shortbow (weapon)
Missiles
 d - 24 arrows (quivered)
 m - 12 arrows of dispersal
Armour
 b - a +0 robe (worn)
 r - a +2 cloak (worn)
Jewellery
 l - a +4 ring of dexterity (left hand)
 p - a ring of see invisible (right hand)
Wands
 v - a wand of digging (15/24)
Scrolls
 e - 6 scrolls of identify {unknown}
 g - 2 scrolls of teleportation {unknown}
 i - a scroll of enchant armour {unknown}
 k - 2 scrolls of remove curse {unknown}
 n - 2 scrolls of blinking {unknown}
 o - 4 scrolls of recharging {unknown}
 s - a scroll of amnesia {unknown}
Potions
 j - a potion of magic {unknown}
 q - a potion of heal wounds {unknown}
 u - a potion of invisibility {unknown}
 x - 2 potions of flight {unknown}
 z - 2 potions of curing {unknown}
Books
 c - a book of Debilitation

   Spells                             Type                      Level
   a - Corona                         Hexes                        1
   b - Slow                           Hexes                        2
   c - Gell's Gravitas                Hexes/Translocation          3
   d - Inner Flame                    Hexes/Fire                   3
   e - Cause Fear                     Hexes                        4
   f - Leda's Liquefaction            Hexes/Earth                  4
Comestibles
 f - 3 bread rations
 h - 5 meat rations
 t - a beef jerky
 w - 2 chunks of flesh


   Skills:
 + Level 1.6(1.3) Fighting
 + Level 4.9(4.6) Bows
 + Level 3.3(3.0) Dodging
 - Level 1.0(0.7) Spellcasting
 + Level 3.3(3.0) Hexes


You had 5 spell levels left.
You knew the following spells:

 Your Spells              Type           Power        Failure   Level  Hunger
a - Corona                Hex            #......      12%         1    ##.....


Dungeon Overview and Level Annotations

Branches:
Dungeon (5/15)
 Temple: D:4-7

Altars:
Fedhas
Kikubaaqudgha
Nemelex Xobeh
Qazlal
Xom
Zin

Annotations:
D:4 Dowan, Duvessa, Natasha, Robin


Innate Abilities, Weirdness & Mutations

You have hooves in place of feet.
Armour fits poorly on your strangely shaped body.
You cover ground very quickly.
You have extremely tough skin (AC +3).


Message History

The giant frog skeleton misses you. The sky beast closely misses you.
Firing (i - inventory. (,) - cycle):
d - 26 arrows (quivered)
Press: ? - help, Shift-Dir - straight line, f/p - sky beast
Aim: a sky beast (almost dead)
You shoot an arrow. The arrow hits the sky beast.
You kill the sky beast!
Your base Dodging skill increases to level 3!
You have reached level 5!
You feel your intelligence returning. The giant frog skeleton hits you.
* * * LOW HITPOINT WARNING * * *
Things that are here:
2 arrows; a sky beast corpse You see here 4 arrows.
Firing (i - inventory. (,) - cycle):
d - 25 arrows (quivered)
Press: ? - help, Shift-Dir - straight line, f - giant frog skeleton
Aim: a giant frog skeleton You shoot an arrow.
The arrow hits the giant frog skeleton!
The giant frog skeleton hits you!
You die...

#.#, , ,,*** #.# ,
#.##** #.#* *#..###
#.######....#, *
#....(.#....#+#*
##.####.#.......
#.##..#.#......
##(#.##.########..##
#######(@.#(........(..#
#.......Z.#######....).+
#.#####...# ,,.....%#
###.# ##.## ** ....(##
#...# #.# ..).## #.#.#
#.# * ...## #.#.# #(#
*#+## #,#.# #.# ,
#.######.#


You could see a giant frog skeleton.

Vanquished Creatures
  A sky beast (D:5)
  A giant frog skeleton (D:5)
  4 adders
  2 worms (D:3)
  4 giant geckos
  A ball python (D:3)
  11 bats
  3 giant cockroaches
  2 goblins (D:1)
  4 hobgoblins
  6 jackals (D:1)
  7 kobolds
  3 quokkas
  2 giant newts
  5 rats
56 creatures vanquished.

Notes
Turn   | Place    | Note
--------------------------------------------------------------
     0 | D:1      | root the Centaur Arcane Marksman began the quest for the Orb.
     0 | D:1      | Reached XP level 1. HP: 16/16 MP: 2/2
    68 | D:1      | Found a sparkling altar of Nemelex Xobeh.
   194 | D:1      | Reached XP level 2. HP: 20/23 MP: 3/3
   332 | D:1      | Reached skill level 3 in Bows
  1278 | D:1      | Reached XP level 3. HP: 28/28 MP: 2/4
  1688 | D:2      | Found an ancient bone altar of Kikubaaqudgha.
  2095 | D:2      | Found a stormy altar of Qazlal.
  2554 | D:3      | Reached XP level 4. HP: 35/35 MP: 5/5
  2819 | D:3      | Found a faded altar to an unknown god.
  2825 | D:3      | Became a worshipper of Xom of Chaos
  2925 | D:3      | Reached skill level 4 in Bows
  2946 | D:3      | XOM: divination: detect items
  3072 | D:3      | XOM: divination: detect creatures
  3151 | D:3      | You fall through a shaft for 2 floors!
  3151 | D:5      | Entered Level 5 of the Dungeon
  3166 | D:4      | XOM: potion effect (berserk rage)
  3217 | D:4      | XOM: summons friendly crimson imp
  3225 | D:4      | Noticed Natasha
  3236 | D:4      | XOM: swap monsters
  3242 | D:4      | XOM: confuse monster(s)
  3250 | D:4      | XOM: mild Ice miscast
  3355 | D:5      | XOM: colour smoke trail
  3600 | D:5      | Found a blossoming altar of Fedhas.
  3604 | D:5      | Noticed a crocodile
  3604 | D:5      | XOM: draining
  3651 | D:5      | Noticed an angel
  3656 | D:5      | XOM: stat loss: -1 Int (11/12)
  3671 | D:5      | Found a shimmering altar of Xom.
  3671 | D:5      | Found a glowing silver altar of Zin.
  3687 | D:5      | XOM: summons 2 hostile shadow creatures
  3727 | D:5      | XOM: confusion (+ monsters)
  3792 | D:4      | Noticed Duvessa
  3795 | D:4      | Noticed Dowan
  3796 | D:4      | Noticed Robin
  3801 | D:5      | XOM: noise
  3806 | D:5      | XOM: repel stairs
  3810 | D:5      | XOM: blink monster(s)
  3822 | D:5      | XOM: 2-stop teleportation journey
  3858 | D:5      | Noticed a sky beast
  3860 | D:5      | XOM: harmless Air miscast
  3874 | D:5      | XOM: divination: magic mapping
  3896 | D:5      | Killed a sky beast
  3896 | D:5      | Reached XP level 5. HP: 6/40 MP: 6/6
  3896 | D:5      | HP: 2/40 [giant frog skeleton (4)]
  3904 | D:5      | Slain by a giant frog skeleton

Vault maps used:
D:1:      roderic_dead_forest, st_stairs_3, nrook_uturn, nrook_mini_backslash,
          nemelex_xobeh_ov_fountains_minmay
D:2:      grunt_temple_overflow_open
D:3:      ecumenical_altar_1
D:4:      lightli_sewer_entry_pipes, uniq_duvessa, uniq_menkaure, uniq_robin,
          uniq_natasha, uniq_crazy_yiuf_cottage, uniq_blork_the_orc
D:5:      grunt_temple_overflow_order_and_chaos_1, kennysheep_mini_moat,
          first_bread, serial_co_window_serial, co_window_paths_a,
          co_window_paths_b, co_window_of_opportunity_a, co_window_corner_a,
          co_window_corner_a, co_window_corner_b, co_window_corner_b,
          co_window_broadway_a, co_window_of_opportunity_b,
          co_window_unsneaky_path_e, co_window_broadway_b, glass_columns_b,
          glass_columns_b, glass_columns_b

Action                   |  1- 3 |  4- 6 || total
-------------------------+-------+-------++-------
Melee: Unarmed           |    88 |    77 ||   165
       Shortbow          |     5 |     1 ||     6
 Fire: Shortbow          |    88 |    78 ||   166
 Cast: Corona            |    19 |    18 ||    37
  Eat: Chunk             |     5 |     5 ||    10
